 Dungeon Crawl Stone Soup version 0.17-a0-1718-g72dbe4d (webtiles) character file.

60916 Kisielow the Fencer (level 14, -6/127 HPs)
             Began as a Minotaur Fighter on Aug 25, 2015.
             Was the Champion of Okawaru.
             Mangled by a hog (13 damage)
             ... led by Kirke
             ... on level 7 of the Lair of Beasts.
             The game lasted 01:16:41 (24673 turns).

Kisielow the Fencer (Minotaur Fighter)             Turns: 24673, Time: 01:16:41

Health: -6/127     AC:  0    Str: 26    XL:     14   Next: 58%
Magic:  11/18      EV: 16    Int:  5    God:    Okawaru [******]
Gold:   724        SH:  0    Dex: 10    Spells: 0 memorised, 13 levels left

rFire  + . .     SeeInvis .       - Unarmed
rCold  + . .     Clarity  +     (armour currently unavailable)
rNeg   . . .     SustAt   .     (shield currently unavailable)
rPois  +         Gourm    .     (helmet unavailable)
rElec  +         Spirit   .     (cloak currently unavailable)
rCorr  +         Warding  .     (gloves currently unavailable)
rMut   .         Stasis   .     (boots currently unavailable)
MR     +....                    P - amulet of faith
Stlth  +.........               (ring currently unavailable)
                                (ring currently unavailable)

@: pig-form, resistant, heroism, finesse, glowing, very quick, somewhat
resistant to hostile enchantments, very unstealthy
A: (retaliatory headbutt), (horns 0), breathe flames 2, clarity, low mp 1
a: Heroism, Finesse, Renounce Religion, Breathe Fire


You were on level 7 of the Lair of Beasts.
You worshipped Okawaru.
Okawaru was exalted by your worship.
You were very hungry.
You were a filthy swine.
You visited 3 branches of the dungeon, and saw 20 of its levels.
You also visited: Labyrinth, Ossuary and Volcano.

You collected 1385 gold pieces.
You spent 661 gold pieces at shops.

Inventory:

Hand weapons
 t - the +6 morningstar "Zurghibe" {crush, +Inv rPois rF+++ rC-, unknown}
   (Okawaru gifted it to you on level 7 of the Lair of Beasts)

   It inflicts extra damage upon your enemies.
   It renders you almost immune to fire.
   It makes you vulnerable to cold.
   It protects you from poison.
   It lets you turn invisible.
 B - a +2 long sword of draining (melded)
 T - a +2 rapier of flaming
Armour
 c - a +5 shield (melded)
 o - the +0 chain mail "Wixkoweh" (melded) {Dex+7 Stlth+}
   (You found it on level 3 of the Lair of Beasts)

   It affects your dexterity (+7).
   It makes you more stealthy.
 R - the +0 cloak of Servitude (melded) {rPois rC- rN+++ Str+2}
   (Okawaru gifted it to you on level 1 of the Lair of Beasts)

   It affects your strength (+2).
   It makes you vulnerable to cold.
   It protects you from poison.
   It renders you almost immune to negative energy.
Jewellery
 a - the ring "Enifit" (melded) {rPois rF+ rN+ Dex+3 SInv}
   (You bought it in a shop on level 6 of the Dungeon)

   [ring of protection from fire]

   It affects your dexterity (+3).
   It protects you from fire.
   It protects you from poison.
   It protects you from negative energy.
   It lets you see invisible.
 g - an uncursed amulet of warding {unknown}
 r - an uncursed ring of poison resistance
 C - an uncursed amulet of resist corrosion
 H - an uncursed amulet of regeneration
 I - an uncursed ring of flight
 N - a +2 ring of slaying (melded)
 P - an amulet of faith (around neck)
Magical devices
 l - a wand of fire (7)
 s - a wand of fire (6)
 x - a wand of fireball (13)
 z - a wand of slowing (28)
 A - a wand of draining (2)
 D - a wand of digging (13)
 J - a wand of disintegration (9)
 Z - a wand of confusion (29)
Scrolls
 h - 8 scrolls of teleportation
 i - 7 scrolls of remove curse
 m - a scroll of identify
 u - 2 scrolls of blinking
 v - 2 scrolls of magic mapping
Potions
 d - 2 potions of flight
 f - 4 potions of haste
 w - 4 potions of berserk rage
 E - a potion of might
 Q - 2 potions of resistance
 S - a potion of agility
 V - a potion of cancellation
 W - 2 potions of invisibility
Miscellaneous
 G - a plain deck of summoning
Comestibles
 b - 5 chunks of flesh
 e - 10 bread rations
 j - 37 fruits
 k - 7 beef jerkies
 n - 12 meat rations
 p - 8 royal jellies
 q - 8 slices of pizza


   Skills:
 + Level 12.6(17.6) Fighting
 * Level 16.6(21.6) Long Blades
 + Level 12.2(17.2) Armour
 + Level 11.9(16.9) Shields
 - Level 8.0 Invocations
 - Level 10.0 Evocations


You had 13 spell levels left.
You didn't know any spells.

Dungeon Overview and Level Annotations

Branches:
Dungeon (11/15)            Temple (1/1) D:5            Lair (8/8) D:11
  Swamp (0/4) Lair:4        Snake (0/4) Lair:4        Slime (0/6) Lair:7
    Orc (0/4) D:11

Altars:
Ashenzari
Cheibriados
Dithmenos
Elyvilon
Fedhas
Gozag
Kikubaaqudgha
Makhleb
Nemelex Xobeh
Okawaru
Qazlal
Ru
Sif Muna
Trog
Vehumet
Xom
Yredelemnul
Zin
The Shining One
Jiyva

Shops:
D:6 =[=

Portals:
Ice
Cave: Lair:8

Annotations:
Lair:7 1 runed door, Kirke


Innate Abilities, Weirdness & Mutations

((You reflexively headbutt those who attack you in melee.))
((You have a pair of large horns on your head.))
You can breathe fire.
You possess an exceptional clarity of mind.
Your magical capacity is low (-10% MP).


Message History

The ice beast misses you. Kirke hits you!
* * * LOW HITPOINT WARNING * * *
The river rat bites you.
* * * LOW HITPOINT WARNING * * *
The ice beast hits the plant but does no damage.
The river rat bites the plant.
The ice beast hits you.
* * * LOW HITPOINT WARNING * * *
The ice beast freezes you!
* * * LOW HITPOINT WARNING * * *
Drink which item? (? for menu, Esc to quit)
You feel protected. The hog bites you.
* * * LOW HITPOINT WARNING * * *
The ice beast hits you.
* * * LOW HITPOINT WARNING * * *
The ice beast freezes you! You resist.
* * * LOW HITPOINT WARNING * * *
Kirke gestures at you while chanting.
You feel a momentary urge to oink. The hog bites you!
You die...

##..............<.....
##......#...........≈≈
##....##.####.P.......≈
###.......##
##.P#.....≈ #....<...##
#P......≈. ###.......#
###P....≈. ##.#.......#
##...... #........hr#
#.....≈ ##......Y@h##
#....♣. ##PP..P...YYP#
#...... #..PPPP...YPr#
#...... ##PPPPPP..P..##
##.PP.. ##PPPP.....#.#
#.##.# #.P#.......##
###.#. ####.....###
#### #######


You could see Kirke, a hog, 4 ice beasts and 2 river rats.

Vanquished Creatures
  Gastronok (Lair:1)
  A minotaur (Lab)
  Josephine (Lair:7)
  5 hydras
  2 death yaks (Lair:7)
  A centaur warrior (D:11)
  A queen ant (D:8)
  2 hill giants (D:11)
  Pikel (D:7)
  The ghost of timbw the Cudgeler, an experienced OgSu of Sif Muna (D:8)
  An oklob plant (Lair:6)
  An ugly thing (D:11)
  3 griffons
  A manticore (D:11)
  9 elephants
  3 toenail golems (Volcano)
  9 black mambas
  13 spiny frogs
  4 gargoyles (Lab)
  4 fire drakes
  A troll (D:9)
  10 komodo dragons
  A merfolk (D:9)
  A queen bee (Lair:7)
  25 blink frogs
  3 polar bears
  A two-headed ogre (D:8)
  A giant leech (Lair:4)
  Prince Ribbit (D:7)
  2 boulder beetles
  A deep elf mage (D:10)
  A spriggan (Lair:2)
  2 hogs (Lair:7)
  Sigmund (D:2)
  6 humans (Volcano)
  3 basilisks
  3 wraiths (Lair:7)
  2 wyverns
  The ghost of Gargoyl the Skirmisher, an average DsAK of Lugonu (D:4)
  2 hungry ghosts
  25 yaks
  8 soldier ants
  11 hippogriffs
  21 water moccasins
  11 wolves
  A swamp drake (Lair:3)
  8 orc warriors
  3 wasps
  8 ice beasts
  2 eyes of draining (D:4)
  4 sky beasts
  9 porcupines
  3 black bears
  4 ogres
  A necrophage (D:11)
  19 centaurs (D:11)
  13 crocodiles
  2 big kobolds
  2 elf zombies (Ossuary)
  19 giant frogs
  2 gnoll sergeants (D:9)
  A wyvern zombie (D:9)
  21 killer bees
  An electric eel (Lair:7)
  2 scorpions
  6 crimson imps
  2 giant frog zombies
  13 orc priests
  3 centaur zombies (Ossuary)
  16 orc wizards
  A centaur skeleton (D:10)
  A gnoll shaman (D:6)
  4 jellies
  Crazy Yiuf (D:7)
  Ijyb (D:3)
  8 hounds
  8 hell rats
  3 giant frog skeletons
  Terence (D:2)
  9 iguanas
  27 worker ants
  5 sheep (Lair:4)
  A big kobold zombie (Ossuary)
  A hound zombie (D:5)
  2 hound skeletons
  3 mummies
  11 adders
  15 gnolls
  79 river rats
  4 shadow imps
  19 oozes
  An adder skeleton (D:4)
  2 adder zombies (Ossuary)
  4 worms
  7 giant geckos
  47 orcs
  7 goblins
  7 hobgoblins
  10 jackals
  5 quokkas
  6 ball pythons
  6 bats
  8 giant cockroaches
  5 giant newts
  2 goblin zombies
  10 hobgoblin zombies (Ossuary)
  A jackal zombie (Ossuary)
  27 kobolds
  6 kobold zombies (Ossuary)
  9 orc zombies
  A quokka skeleton (D:7)
  21 rats
  3 rat zombies (Ossuary)
  3 plants
775 creatures vanquished.

Vanquished Creatures (others)
  13 fungi
  4 plants
17 creatures vanquished.

Grand Total: 792 creatures vanquished

Notes
Turn   | Place    | Note
--------------------------------------------------------------
     0 | D:1      | Kisielow the Minotaur Fighter began the quest for the Orb.
     0 | D:1      | Reached XP level 1. HP: 19/19 MP: 0/0
   278 | D:1      | Reached XP level 2. HP: 21/26 MP: 1/1
   625 | D:1      | Reached skill level 4 in Long Blades
   845 | D:2      | Noticed Sigmund
   897 | D:3      | Reached XP level 3. HP: 27/31 MP: 2/2
  1080 | D:3      | Reached skill level 5 in Long Blades
  1102 | D:3      | Noticed Ijyb
  1132 | D:3      | Killed Ijyb
  1132 | D:3      | Reached XP level 4. HP: 29/40 MP: 3/3
  1201 | D:3      | Reached XP level 5. HP: 29/46 MP: 4/4
  1442 | D:3      | Noticed a sky beast
  1461 | D:3      | Killed a sky beast
  1461 | D:3      | Reached skill level 6 in Long Blades
  1467 | D:3      | Gained mutation: You possess an exceptional clarity of mind. [mutagenic meat]
  1468 | D:3      | Gained mutation: You can breathe flames. [mutagenic meat]
  1470 | D:3      | Gained mutation: You have a pair of large horns on your head. [mutagenic meat]
  1488 | D:3      | HP: 2/47 [orc priest/vampiric hand axe (4)]
  1489 | D:3      | Reached XP level 6. HP: 2/53 MP: 5/5
  2738 | D:2      | Noticed Terence
  2742 | D:2      | Killed Terence
  2880 | D:2      | Killed Sigmund
  2880 | D:2      | Reached skill level 5 in Fighting
  2880 | D:2      | Reached skill level 7 in Long Blades
  2880 | D:2      | Reached skill level 5 in Armour
  2880 | D:2      | Reached XP level 7. HP: 50/61 MP: 6/6
  3249 | D:4      | Reached skill level 5 in Shields
  3328 | D:4      | Noticed Gargoyl's ghost (average DsAK)
  3352 | D:4      | Killed Gargoyl's ghost
  3786 | D:4      | Found a bloodstained altar of Trog.
  3808 | D:4      | Reached skill level 8 in Long Blades
  3996 | D:4      | Reached XP level 8. HP: 62/70 MP: 7/7
  4096 | D:4      | Got a smoking ring mail
  4107 | D:4      | Identified the cursed +0 ring mail "Voezaifu" {rN+ MR++} (You found it on level 4 of the Dungeon)
  4427 | D:5      | Entered Level 5 of the Dungeon
  4451 | D:5      | Found a staircase to the Ecumenical Temple.
  4480 | Temple   | Entered the Ecumenical Temple
  4626 | D:5      | Found a sand-covered staircase.
  4634 | Ossuary  | Entered an ossuary
  4725 | Ossuary  | Reached skill level 9 in Long Blades
  5342 | D:5      | Found an iron altar of Okawaru.
  5342 | D:5      | Found a white marble altar of Elyvilon.
  5343 | D:5      | Found a shadowy altar of Dithmenos.
  5650 | D:6      | Found a shattered altar of Ashenzari.
  5668 | D:6      | Found Nez Qasm's Armour Boutique.
  5715 | D:6      | Found a burning altar of Makhleb.
  5740 | D:6      | Found Hateish's Jewellery Shop.
  5878 | D:5      | Became a worshipper of Warmaster Okawaru
  6215 | D:6      | Found an ancient bone altar of Kikubaaqudgha.
  6217 | D:6      | Found a blossoming altar of Fedhas.
  6263 | D:6      | Reached XP level 9. HP: 77/79 MP: 8/8
  6276 | D:6      | Found Tikkubb's Jewellery Emporium.
  6546 | D:7      | Noticed Crazy Yiuf
  6551 | D:7      | Killed Crazy Yiuf
  6620 | D:7      | Noticed Pikel
  6635 | D:7      | Killed Pikel
  6635 | D:7      | Acquired Okawaru's first power
  6635 | D:7      | Reached skill level 10 in Long Blades
  7188 | D:7      | Noticed Prince Ribbit
  7931 | D:7      | Killed Prince Ribbit
  8228 | D:8      | Reached skill level 11 in Long Blades
  8295 | D:8      | Noticed timbw's ghost (experienced OgSu)
  8380 | D:8      | Reached XP level 10. HP: 76/90 MP: 9/9
  8478 | D:8      | Noticed a queen ant
  8495 | D:8      | Killed a queen ant
  8824 | D:8      | Killed timbw's ghost
  8824 | D:8      | Reached skill level 12 in Long Blades
  9216 | D:8      | Found a radiant altar of Vehumet.
 10064 | D:9      | Reached skill level 13 in Long Blades
 10064 | D:9      | Reached XP level 11. HP: 89/99 MP: 10/10
 10076 | D:9      | Found a burning altar of Makhleb.
 10275 | D:9      | Reached skill level 1 in Invocations
 10346 | D:9      | Reached skill level 1 in Evocations
 10380 | D:9      | Found a deep blue altar of Sif Muna.
 10505 | D:9      | Reached skill level 10 in Fighting
 10806 | D:10     | Entered Level 10 of the Dungeon
 10871 | D:10     | Reached skill level 10 in Armour
 11416 | D:10     | Acquired Okawaru's second power
 11672 | D:11     | Noticed a hill giant
 11679 | D:11     | Killed a hill giant
 11732 | D:11     | Received a gift from Okawaru
 11801 | D:11     | Found a shimmering altar of Xom.
 12600 | D:11     | Found a staircase to the Orcish Mines.
 12689 | D:11     | Found a staircase to the Lair.
 12725 | D:11     | Noticed a hill giant
 12736 | D:11     | Killed a hill giant
 12736 | D:11     | Reached skill level 10 in Shields
 12794 | D:11     | Gained mutation: Your magical capacity is low (-10% MP). [mutagenic meat]
 12795 | D:11     | Gained mutation: You can breathe fire. [mutagenic meat]
 12796 | D:11     | Gained mutation: You expend magic power (3 MP) to strengthen your wands. [mutagenic meat]
 12797 | D:11     | Lost mutation: You expend magic power (3 MP) to strengthen your wands. [mutagenic meat]
 13040 | D:11     | Noticed a seven-headed hydra
 13054 | D:11     | Killed a seven-headed hydra
 13054 | D:11     | Reached skill level 5 in Invocations
 13261 | D:6      | Bought the ring "Enifit" {rPois rF+ rN+ Dex+3 SInv} for 661 gold pieces
 13759 | D:11     | Noticed a centaur warrior
 13772 | D:11     | Killed a centaur warrior
 13772 | D:11     | Reached XP level 12. HP: 107/107 MP: 13/13
 13905 | Lair:1   | Entered Level 1 of the Lair of Beasts
 13918 | Lair:1   | Reached skill level 5 in Evocations
 13954 | Lair:1   | Got a fine spear
 14851 | Lair:1   | Received a gift from Okawaru
 14854 | Lair:1   | Got a polished cloak {god gift}
 14865 | Lair:1   | Identified the +0 cloak of Servitude {rPois rC- rN+++ Str+2} (Okawaru gifted it to you on level 1 of the Lair of Beasts)
 14919 | Lair:1   | Reached skill level 14 in Long Blades
 14968 | Lair:1   | Noticed Gastronok
 14985 | Lair:1   | Killed Gastronok
 15612 | Lair:1   | Identified the +9 spear "Ukuehen" {elec, rElec Dex+2} (You found it on level 1 of the Lair of Beasts)
 15621 | Lair:1   | Noticed a seven-headed hydra
 15634 | Lair:1   | Killed a seven-headed hydra
 16829 | Lair:3   | Found a labyrinth entrance.
 16873 | Lab      | Entered a labyrinth
 17349 | Lab      | Noticed a minotaur
 17360 | Lab      | Killed a minotaur
 17360 | Lab      | Received a gift from Okawaru
 17360 | Lab      | Reached XP level 13. HP: 75/115 MP: 16/16
 17369 | Lab      | Identified the Disquisition on Hexes and the Snowflakes
 17370 | Lab      | Got a faintly glowing hand crossbow
 17497 | Lair:1   | Identified the +6 hand crossbow "Beastbane" {penet, rElec rF- SInv} (You found it in a labyrinth)
 17718 | Lair:3   | Got a fine chain mail
 17729 | Lair:3   | Identified the +0 chain mail "Wixkoweh" {Dex+7 Stlth+} (You found it on level 3 of the Lair of Beasts)
 18494 | Lair:4   | Found a staircase to the Snake Pit.
 18565 | Lair:4   | Found a dark tunnel.
 18576 | Volcano  | Entered a volcano
 18595 | Volcano  | Reached skill level 15 in Long Blades
 19191 | Lair:4   | Found a sparkling altar of Nemelex Xobeh.
 19440 | Lair:4   | Received a gift from Okawaru
 19569 | Lair:4   | Found a staircase to the Swamp.
 22134 | Lair:6   | Reached XP level 14. HP: 74/125 MP: 17/17
 22688 | Lair:7   | Found a runed door.
 22688 | Lair:7   | Found a viscous altar of Jiyva.
 22688 | Lair:7   | Found a staircase to the Slime Pits.
 22775 | Lair:7   | Noticed Josephine
 22815 | Lair:7   | Killed Josephine
 22833 | Lair:7   | Received a gift from Okawaru
 22863 | Lair:7   | Reached skill level 16 in Long Blades
 23491 | Lair:7   | Reached skill level 10 in Evocations
 24244 | Lair:8   | Entered Level 8 of the Lair of Beasts
 24246 | Lair:8   | Noticed Kirke
 24303 | Lair:8   | Found a frozen archway.
 24324 | Lair:7   | Received a gift from Okawaru
 24329 | Lair:7   | Got a fine morningstar {god gift}
 24673 | Lair:7   | Mangled by a hog

Vault maps used:
D:1:      dpeg_arrival_tiny_a
D:2:      minmay_misc_feat_tower, uniq_sigmund, uniq_terence
D:3:      wad_river_or_something, uniq_iyjb
D:4:      trog_eyes_of_draining
D:5:      nicolae_overflow_hidden_temple, minmay_temple_entry_crystal_x,
          first_bread, nicolae_ossuary_entry_giza
D:6:      grunt_temple_overflow_growth_and_decay, cheibrodos_ashenzari_chains,
          basic_altar, serial_shops, kennysheep_mini_moat, shop,
          nicolae_shop_trees
D:7:      glass_columns_b, grunt_decor_cap, uniq_prince_ribbit1,
          uniq_crazy_yiuf_cottage, uniq_pikel
D:8:      lemuel_ratsnest, basic_altar, zaba_antful_of_joy
D:9:      kennysheep_orc_sif_temple, hangedman_fish_farm,
          kennysheep_another_room, makhleb_heckhound_becter
D:11:     dpeg_oklobed_lair, david_orc_4, basic_altar,
          hangedman_abyss_or_decor_stabs
Temple:   circular_temple_12
Lair:1:   uniq_gastronok
Lair:2:   grunt_forest_large_clearings
Lair:3:   lab_entry_generic, pond
Lair:4:   minmay_swamp_entry_worms, minmay_snake_entry_six_corridors,
          basic_altar, enter_volcano_2, lemuel_fruit_tree,
          infiniplex_staircase_pool_2
Lair:6:   lemuel_slime, minivault_24, lookout_lair_type, serial_bayou_shore_b
Lair:7:   slime_altar_2, special_room, nicolae_quartered_pool_super,
          beast_lair_carwin_5, grunt_megastairs_4, uniq_josephine
Lair:8:   evil_forest, portal_ice_cave_entry_ice_beasts, hibernation_bobbens,
          uniq_kirke
Lab:      labyrinth_hidden_loot, nicolae_lab_quarters, nicolae_lab_garden,
          nicolae_lab_grate, lab_hedge, nicolae_lab_plus,
          labyrinth_skeletal_remains, nicolae_lab_arrow, nicolae_lab_big_swirl,
          lab_fountain, labyrinth_lava_lair
Ossuary:  ossuary_tomb_1
Volcano:  volcano_bunker

Action                   |  1- 3 |  4- 6 |  7- 9 | 10-12 | 13-15 || total
-------------------------+-------+-------+-------+-------+-------++-------
Melee: Long sword        |    79 |   131 |   457 |   625 |   812 ||  2104
       Scimitar          |       |       |    68 |   464 |       ||   532
       Short sword       |       |       |       |    15 |       ||    15
       Rapier            |       |       |       |       |    26 ||    26
       Unarmed           |       |       |       |       |    10 ||    10
Invok: Heroism           |       |       |       |     3 |     7 ||    10
       Finesse           |       |       |       |     1 |     7 ||     8
 Abil: Breathe Fire      |       |       |       |     4 |       ||     4
Evoke: Wand              |     1 |       |       |     4 |       ||     5
  Use: Potion            |     2 |       |     1 |    11 |     5 ||    19
       Scroll            |       |     8 |     7 |    19 |    10 ||    44
 Stab: Confused          |       |       |       |       |     1 ||     1
  Eat: Chunk             |     1 |     9 |    14 |    30 |    18 ||    72
       Fruit             |       |       |     2 |     5 |     3 ||    10
       Beef jerky        |       |       |     1 |       |       ||     1
       Bread ration      |       |       |       |     2 |     1 ||     3
